 Dungeon Crawl Stone Soup version 0.29.1-15-g9cfb28693d (webtiles) character file.

Game seed: 18284797872222120624

219946 cowcol the Slayer (level 18, -18/189 HPs)
             Began as a Minotaur Fighter on Feb 22, 2023.
             Was the Champion of Okawaru.
             Killed from afar by a thorn hunter (24 damage)
             ... with a volley of thorns
             ... on level 4 of the Swamp on Feb 23, 2023.
             The game lasted 03:07:06 (61465 turns).

cowcol the Slayer (Minotaur Fighter)               Turns: 61465, Time: 03:07:06

Health: -18/189    AC: 33    Str: 31    XL:     18   Next: 46%
Magic:  23/23      EV:  7    Int:  8    God:    Okawaru [******]
Gold:   2080       SH:  0    Dex: 18    Spells: 17/17 levels left

rFire   + + .      SeeInvis +   S - +8 battleaxe (flame)
rCold   + . .      Faith    .   (shield currently unavailable)
rNeg    . . .      Spirit   .   Z - +2 gold dragon scales of the Vacuum {rPois rF+ rC+ Int+3 Dex+4}
rPois   +          Reflect  .   E - +0 hat {SInv}
rElec   .          Harm     .   a - +0 cloak {rCorr}
rCorr   +          Rampage  .   C - +2 pair of gloves
Will    +....                   U - +2 pair of boots
Stlth   ..........              d - amulet of regeneration
HPRegen 1.21/turn               r - +6 ring of strength
MPRegen 0.18/turn               M - ring of protection from fire

@: lethally poisoned (-18 -> -18), flayed, hasted, studying 2 skills, invisible,
quick
A: horns 2, retaliatory headbutt, iridescent scales 1
}: 1/15 runes: serpentine
a: Renounce Religion, Heroism, Finesse, Duel


You were on level 4 of the Swamp.
You worshipped Okawaru.
Okawaru was exalted by your worship.
You visited 6 branches of the dungeon, and saw 31 of its levels.
You visited the Abyss 1 time.
You also visited: Ice Cave.

You collected 3261 gold pieces.
You spent 1181 gold pieces at shops.

Inventory:

Hand Weapons
 l - a +2 hand axe of flaming
 n - the +2 broad axe of Vabrelya {drain, rPois}
   (You acquired it on level 3 of the Dungeon)

   A truly terrible weapon, it drains the life of any living foe it strikes.
   rPois:     It protects you from poison.
 t - the +7 broad axe of the Threshing Dove {venom, MP+9 Int+2}
   (Okawaru gifted it to you on level 12 of the Dungeon)

   It poisons the flesh of those it strikes.
   Int:       It affects your intelligence (+2).
   MP:        It affects your magic capacity (+9).
 S - a +8 battleaxe of flaming (weapon)
 T - the +1 hand axe of the Transparent God {flame, Str+3}
   (You found it on level 12 of the Dungeon)

   It burns those it strikes, dealing additional fire damage.
   Big, fiery blades are also staple armaments of hydra-hunters.
   Str:       It affects your strength (+3).
Missiles
 o - 57 poisoned darts (quivered)
Armour
 a - a +0 cloak of preservation (worn)
 g - the +1 plate armour "Noumeoli" {MP+9 Str+10 Dex-4 Stlth+}
   (Okawaru gifted it to you on level 1 of the Orcish Mines)

   Str:       It affects your strength (+10).
   Dex:       It affects your dexterity (-4).
   MP:        It affects your magic capacity (+9).
   Stlth:     It makes you more stealthy.
 y - a +2 cloak
 B - a +0 pair of boots of rampaging
 C - a +2 pair of gloves (worn)
 E - a +0 hat of see invisible (worn)
 H - a +2 kite shield of protection
 L - +0 storm dragon scales
 O - a scarf of repulsion
 R - a +3 buckler
 U - a +2 pair of boots (worn)
 W - +2 fire dragon scales
 Z - the +2 gold dragon scales of the Vacuum (worn) {rPois rF+ rC+ Int+3 Dex+4}
   (Okawaru gifted it to you on level 3 of the Lair of Beasts)

   Int:       It affects your intelligence (+3).
   Dex:       It affects your dexterity (+4).
   rF:        It protects you from fire.
   rC:        It protects you from cold.
   rPois:     It protects you from poison.
Jewellery
 d - an amulet of regeneration (around neck)
 j - a ring of flight
 r - a +6 ring of strength (left hand)
 u - a ring of willpower
 z - a ring of protection from cold
 I - a ring of resist corrosion
 M - a ring of protection from fire (right hand)
 N - an amulet of faith
 P - a ring of fire
Wands
 b - a wand of mindburst (4)
 p - a wand of polymorph (13)
 A - a wand of light (44)
 G - a wand of digging (5)
Scrolls
 c - a scroll of brand weapon
 i - 2 scrolls of amnesia
 k - 11 scrolls of teleportation
 s - 3 scrolls of butterflies
 K - a scroll of identify
 X - 10 scrolls of poison
Potions
 e - 3 potions of flight
 f - 4 potions of berserk rage
 m - 14 potions of curing
 q - a potion of might
 w - 3 potions of haste
 x - a potion of ambrosia
 D - a potion of cancellation
 F - a potion of lignification {unknown}
 J - 3 potions of invisibility
Miscellaneous
 h - a phantom mirror


   Skills:
 + Level 23.4 Fighting
 - Level 21.0 Axes
 + Level 6.1 Throwing
 - Level 15.0 Armour
 - Level 1.0 Stealth
 + Level 18.1 Shields
 - Level 8.0 Invocations
 + Level 1.0 Evocations


You had 17 spell levels left.
You didn't know any spells.
Your spell library contained the following spells:

 Spells                   Type           Power      Damage    Failure   Level
 Freeze                   Ice            0%         1d3       99%         1
 Necrotise                Necr           0%         1d4       99%         1
 Scorch                   Fire           0%         2d5       100%        2
 Frozen Ramparts          Ice            0%         1d1       100%        3
 Portal Projectile        Hex/Tloc       0%         N/A       100%        3
 Vampiric Draining        Necr           0%         2d6       100%        3
 Airstrike                Air            0%         2d(0-16)  100%        4
 Anguish                  Hex/Necr       0%         N/A       100%        4
 Flame Wave               Conj/Fire      0%         2d4       100%        4
 Hailstorm                Conj/Ice       0%         3d3       100%        4
 Leda's Liquefaction      Hex/Erth       0%         N/A       100%        4
 Passage of Golubria      Tloc           0%         N/A       100%        4
 Agony                    Necr           0%         N/A       100%        5
 Lightning Bolt           Conj/Air       0%         1d11      100%        5
 Silence                  Hex/Air        0%         N/A       100%        5
 Enfeeble                 Hex            0%         N/A       100%        7
 Orb of Destruction       Conj           0%         9d5       100%        7
 Lehudib's Crystal Spear  Conj/Erth      0%         10d2      100%        8
 Call Canine Familiar     Summ           Unusable   N/A       N/A         3
 Summon Guardian Golem    Hex/Summ       Unusable   N/A       N/A         3
 Summon Ice Beast         Ice/Summ       Unusable   N/A       N/A         4
 Summon Lightning Spire   Summ/Air       Unusable   N/A       N/A         4
 Summon Mana Viper        Hex/Summ       Unusable   N/A       N/A         5
 Summon Cactus Giant      Summ           Unusable   N/A       N/A         6
 Monstrous Menagerie      Summ           Unusable   N/A       N/A         7
 Spellforged Servitor     Conj/Summ      Unusable   N/A       N/A         7

Dungeon Overview and Level Annotations

Branches:
Dungeon (15/15)            Temple (1/1) D:5            Lair (5/5) D:10
  Swamp (4/4) Lair:2        Snake (4/4) Lair:3        Slime (0/5) Lair:5
    Orc (2/2) D:11            Elf (0/3) Orc:2        Vaults (0/5) D:14
 Depths (0/4) D:15          IceCv (visited)

Altars:
Ashenzari
Dithmenos
Elyvilon
Fedhas
Gozag
Hepliaklqana
Kikubaaqudgha
Makhleb
Okawaru
Qazlal
Ru
Trog
Uskayaw
Vehumet
Wu Jian
Xom
Yredelemnul
Zin
The Shining One
Jiyva
Lugonu

Shops:
D:7 :!:   Orc:1 :   Orc:2 :*[(   Snake:1 (??   Snake:2 !:=(([

Portals:
Abyss: Snake:3
Trove: D:10 (give +3 fire dragon scales)

Annotations:
D:15 1 runed translucent door, Mic Nofo's ghost, adept DsFi; Roxanne
Lair:1 2 transporters
Lair:4 2 transporters, BigDaddyOpFi's ghost, journeyman TrFi
Lair:5 exclusions: ice statue and oklob plant
Swamp:4 Aizul


Innate Abilities, Weirdness & Mutations

You have a pair of horns on your head.
You reflexively headbutt those who attack you in melee.
You are partially covered in iridescent scales. (AC +2)


Message History

The hornet stings you.
* * * LOW HITPOINT WARNING * * *
You are poisoned.
The hornet stings you.
* * * LOW HITPOINT WARNING * * *
The spriggan rider hits you but does no damage.
A swamp worm comes into view.
The hornet attacks as you move away!
The hornet stings you but does no damage.
You feel very sick.
You hear a crashing sound.
The swamp worm fires a harpoon shot at you.
The harpoon shot hits you.
* * * LOW HITPOINT WARNING * * *
You are yanked forward by the harpoon shot.
Splash!
Okay, then.
As you read the scroll of fear, it crumbles to dust.
You assume a fearsome visage.
The hornet looks frightened! x2
The spriggan rider looks frightened!
The swamp worm looks frightened!
You feel sick.
As you read the scroll of teleportation, it crumbles to dust.
You feel strangely unstable.
You feel sick.
You feel sick.
You feel sick.
You feel sick.
The hornet buzzes angrily.
You hear a crashing sound.
You feel sick.
The hornet buzzes angrily.
You enter the shallow water.
Moving in this stuff is going to be slow. ...and don't expect to remain undetected.
Your surroundings suddenly seem different.
Splash!
A spriggan druid, 2 shambling mangroves, 2 oklob plants and a thorn hunter come into view.
Found a book of Rime and a decaying rune of Zot.
Found a blossoming altar of Fedhas.
You feel sick.
The thorn hunter fires a volley of thorns at you.
The volley of thorns hits you!!
You die... ## ##φ## # ###PPPP P# P.PPf ~PP

~P.. .~.. #♣..
_Pf..
#~.♣f~~...
#@...~.i.
#:~..♣.~#
#♣~..~P# ##♣♣
k.♣### #~.. ~.♣
♣§.♣♣ ~~♣
♣~.~♣♣ .♣♣
♣♣~§~.♣ ♣♣#♣
♣♣.~~~.♣
♣#~♣♣♣~.~~~.♣♣♣


You could see a thorn hunter, 2 shambling mangroves, 2 oklob plants, a spriggan
druid and a swamp drake.

Vanquished Creatures
  A lich (Abyss:3)
  A tentacled monstrosity (Swamp:1)
  Asterion (Snake:2)
  Gastronok (D:12)
  A tentacled starspawn (Abyss:3)
  2 thorn hunters
  9 nagarajas
  A fenstrider witch (Swamp:1)
  A frost giant (IceCv)
  Louise (Snake:2)
  2 orc warlords
  A very ugly thing (Abyss:3)
  An ironbound preserver (D:14)
  5 eleionomae
  Nessos (D:12)
  3 bunyips
  Josephine (Lair:3)
  A fire dragon (D:15)
  2 ice dragons
  Erolcha (D:13)
  4 boulder beetles
  6 salamander tyrants
  3 two-headed ogres
  12 hydras
  12 naga warriors
  9 alligators
  4 catoblepae
  7 centaur warriors
  15 anacondas
  20 death yaks
  4 tengu warriors
  5 hell hogs (Abyss:3)
  2 thrashing horrors
  An orc high priest (Orc:2)
  11 naga sharpshooters
  7 shock serpents
  3 sixfirhies
  4 skeletal warriors (D:13)
  3 salamander mystics
  5 spriggan druids
  5 goliath frogs
  A sea snake (Snake:1)
  3 naga ritualists
  7 swamp dragons
  2 wizards
  2 death drakes (Swamp:3)
  3 orc knights
  A deep elf zephyrmancer (D:12)
  Pikel (D:5)
  4 orc sorcerers
  2 bog bodies (Swamp:1)
  14 ugly things
  4 manticores
  8 mana vipers
  13 salamanders
  3 will-o-the-wisps
  2 worldbinders (Abyss:3)
  10 cyclopes
  17 naga magi
  4 elephants
  17 guardian serpents
  31 black mambas
  A smoke demon (Abyss:3)
  17 cane toads
  A gargoyle (D:12)
  A demonic crawler (Abyss:3)
  A torpor snail (Lair:4)
  A rime drake (Lair:2)
  2 unseen horrors
  2 efreet
  9 komodo dragons
  A tengu conjurer (D:8)
  3 kobold demonologists
  A bloated husk (Swamp:2)
  12 polar bears
  3 meliai
  6 tyrant leeches
  Prince Ribbit (D:5)
  7 trolls
  10 slime creatures
  5 dream sheep (Lair:4)
  12 hornets
  A large abomination (Abyss:3)
  18 blink frogs
  7 raiju
  14 spriggans
  A vampire (D:8)
  Sigmund (D:2)
  A wyvern (Lair:5)
  2 ynoxinuls (Abyss:3)
  7 wraiths
  5 basilisks
  75 yaks
  A human (shapeshifter) (D:15)
  3 steam dragons
  8 vampire mosquitoes
  52 nagas
  A neqoxec (Abyss:3)
  Menkaure (D:7)
  2 death yak simulacra (Lair:3)
  2 wargs
  4 acid dragons
  7 water moccasins
  6 swamp worms
  Duvessa (D:6)
  2 swamp drakes
  33 orc warriors
  A sky beast (D:6)
  5 ice beasts
  11 centaurs
  5 ogres
  18 wolves (IceCv)
  A phantom (D:6)
  3 kobold brigands
  A lemure (D:5)
  Blork the orc (Orc:2)
  11 bullfrogs
  A gnoll sergeant (Orc:2)
  2 scorpions
  2 necrophages
  5 wights (D:9)
  Dowan (D:6)
  A hornet simulacrum (D:15)
  6 killer bees (D:9)
  2 electric eels (Snake:1)
  6 howler monkeys
  20 orc priests
  5 hounds
  5 jellies
  2 gnoll boudas
  Jessica (D:2)
  Natasha (thrice) (D:3)
  2 iguanas
  4 hell rats (Lair:1)
  36 orc wizards
  A polar bear simulacrum (Lair:3)
  7 adders
  16 gnolls
  6 river rats (Lair:1)
  2 white imps
  2 worms
  113 orcs
  7 ball pythons
  5 bats
  13 endoplasms
  6 giant cockroaches
  5 goblins
  8 hobgoblins
  4 jackals (D:4)
  18 kobolds
  6 quokkas
  2 frilled lizards
  8 rats
  2 briar patches (Swamp:3)
  A bush (Lair:5)
  A lurking horror (Snake:3)
1073 creatures vanquished.

Vanquished Creatures (others)
  A will-o-the-wisp (Swamp:2)
  A bloated husk (Swamp:2)
  A warg (Orc:1)
  A swamp worm (Swamp:2)
  24 foxfires
  25 fungi
  A lurking horror (Snake:3)
  56 plants
  8 starspawn tentacles (Abyss:3)
  2 withered plants (D:15)
120 creatures vanquished.

Grand Total: 1193 creatures vanquished

Notes
Turn   | Place    | Note
-------+----------+-------------------------------------------
     0 | D:1      | cowcol the Minotaur Fighter began the quest for the Orb.
     0 | D:1      | Reached XP level 1. HP: 19/19 MP: 0/0
   135 | D:1      | Reached XP level 2. HP: 27/27 MP: 1/1
   288 | D:1      | Reached skill level 4 in Fighting
   619 | D:1      | Found a faded altar of an unknown god.
   949 | D:1      | Reached XP level 3. HP: 33/33 MP: 2/2
  1102 | D:2      | Noticed Sigmund
  1117 | D:2      | Killed Sigmund
  1118 | D:2      | Reached skill level 5 in Armour
  1118 | D:2      | Reached XP level 4. HP: 41/41 MP: 3/3
  1118 | D:2      | Reached XP level 5. HP: 47/47 MP: 4/4
  1334 | D:2      | You fall into a shaft and drop 1 floor!
  1371 | D:3      | Found a bloodstained altar of Trog.
  1517 | D:2      | Found an ancient bone altar of Kikubaaqudgha.
  1563 | D:2      | Noticed Jessica
  1568 | D:2      | Killed Jessica
  1569 | D:2      | Reached skill level 5 in Axes
  2267 | D:3      | Identified a scroll of acquirement
  2345 | D:3      | Acquired the +2 broad axe of Vabrelya {drain, rPois}
  2547 | D:3      | Noticed Natasha
  2552 | D:3      | Killed Natasha
  2553 | D:3      | Reached XP level 6. HP: 52/55 MP: 5/5
  2818 | D:3      | Noticed Natasha
  2822 | D:3      | Killed Natasha
  2904 | D:3      | Noticed Natasha
  2914 | D:3      | Killed Natasha
  3081 | D:4      | Reached skill level 5 in Fighting
  3587 | D:4      | Reached XP level 7. HP: 54/61 MP: 6/6
  4688 | D:5      | Entered Level 5 of the Dungeon
  4693 | D:5      | Noticed Prince Ribbit
  4714 | D:5      | Killed Prince Ribbit
  5315 | D:5      | Reached XP level 8. HP: 35/70 MP: 7/7
  5756 | D:5      | Found a staircase to the Ecumenical Temple.
  5769 | Temple   | Entered the Ecumenical Temple
  5892 | Temple   | Became a worshipper of Warmaster Okawaru
  6103 | D:5      | Found a glowing silver altar of Zin.
  6135 | D:5      | Reached skill level 6 in Fighting
  6138 | D:5      | Reached skill level 1 in Throwing
  6257 | D:5      | Reached skill level 1 in Stealth
  6345 | D:5      | Noticed Pikel
  6355 | D:5      | Killed Pikel
  6355 | D:5      | Reached * piety under Okawaru
  6880 | D:5      | Reached skill level 10 in Axes
  7711 | D:6      | Reached XP level 9. HP: 78/78 MP: 8/8
  7773 | D:6      | Reached ** piety under Okawaru
  8125 | D:6      | Reached skill level 7 in Fighting
  8163 | D:7      | Noticed Duvessa
  8163 | D:7      | Noticed Dowan
  8169 | D:6      | Killed Dowan
  8171 | D:6      | Killed Duvessa
  8514 | D:7      | Found Hocih's Book Emporium.
  8923 | D:7      | Found Vougati's Book Emporium.
  8949 | D:7      | Found Zib Aqi's Distillery.
  8951 | D:7      | Noticed Menkaure
  8959 | D:7      | Killed Menkaure
  8968 | D:7      | Reached skill level 8 in Fighting
  9064 | D:7      | Found an ornate altar of the Wu Jian Council.
  9064 | D:7      | Found a sacrificial altar of Ru.
  9282 | D:7      | Reached *** piety under Okawaru
  9349 | D:7      | Reached XP level 10. HP: 68/90 MP: 9/9
  9895 | D:8      | Reached skill level 9 in Fighting
 10372 | D:8      | Reached skill level 10 in Armour
 10702 | D:8      | Identified the +2 quarterstaff of Neosoos {vorpal, Int+6}
 11432 | D:8      | Reached **** piety under Okawaru
 12381 | D:9      | Reached ***** piety under Okawaru
 13248 | D:10     | Entered Level 10 of the Dungeon
 13262 | D:10     | Found a staircase to the Lair.
 13502 | D:10     | Reached skill level 10 in Fighting
 13769 | D:10     | Reached XP level 11. HP: 82/99 MP: 10/10
 13796 | D:10     | Found a portal to a secret trove of treasure.
 13863 | D:10     | Noticed a two-headed ogre
 13881 | D:10     | Killed a two-headed ogre
 13881 | D:10     | Received a gift from Okawaru
 15050 | D:11     | Received a gift from Okawaru
 15051 | D:11     | Reached skill level 15 in Axes
 15168 | D:11     | Received a gift from Okawaru
 15990 | D:11     | Found a staircase to the Orcish Mines.
 16147 | D:11     | Noticed a purple ugly thing
 16159 | D:11     | Killed a purple ugly thing
 16160 | D:11     | Reached skill level 11 in Fighting
 17193 | Orc:1    | Entered Level 1 of the Orcish Mines
 17224 | Orc:1    | Noticed an orc warlord
 17512 | D:11     | Killed an orc warlord
 17512 | D:11     | Received a gift from Okawaru
 17513 | D:11     | Reached skill level 1 in Invocations
 17557 | Orc:1    | Noticed an orc sorcerer
 17566 | D:11     | Reached skill level 5 in Shields
 17835 | Orc:1    | Killed an orc sorcerer
 18259 | Orc:2    | Entered Level 2 of the Orcish Mines
 18599 | Orc:2    | Noticed an orc knight
 18614 | Orc:2    | Killed an orc knight
 18615 | Orc:2    | Reached XP level 12. HP: 89/110 MP: 9/12
 19018 | Orc:2    | Noticed Blork the orc
 19018 | Orc:2    | Noticed an orc high priest
 19042 | Orc:2    | Killed an orc high priest
 19043 | Orc:2    | Killed Blork the orc
 19299 | Orc:1    | Reached skill level 12 in Fighting
 19323 | Orc:1    | Reached ****** piety under Okawaru
 19912 | Orc:1    | Identified the +1 plate armour "Noumeoli" {MP+9 Str+10
                  | Dex-4 Stlth+} (Okawaru gifted it to you on level 1 of the
                  | Orcish Mines)
 19912 | Orc:1    | Received a gift from Okawaru
 20679 | Orc:2    | Noticed an orc warlord
 20689 | Orc:2    | Killed an orc warlord
 20697 | Orc:2    | Reached skill level 13 in Fighting
 21082 | Orc:2    | Found Neju's Book Emporium.
 21105 | Orc:2    | Found Duimoynt's Antique Armour Emporium.
 21113 | Orc:2    | Bought a runed buckler for 157 gold pieces
 21147 | Orc:2    | Found Vosmieco's General Store.
 21162 | Orc:2    | Found Vuheor's Antique Weapon Emporium.
 21246 | Orc:2    | Found a staircase to the Elven Halls.
 21888 | Orc:1    | Found Rineahee's Vocational Training.
 22585 | Lair:1   | Entered Level 1 of the Lair of Beasts
 23481 | Lair:1   | Found a transporter.
 23498 | Lair:1   | Found a transporter.
 23574 | Lair:1   | Reached skill level 14 in Fighting
 24386 | Lair:2   | Received a gift from Okawaru
 24587 | Lair:2   | Reached XP level 13. HP: 124/124 MP: 14/14
 25651 | Lair:2   | Received a gift from Okawaru
 26224 | Lair:2   | Found a staircase to the Swamp.
 26364 | Lair:3   | Found a frozen archway.
 26458 | IceCv    | Entered an ice cave
 26505 | IceCv    | Reached skill level 10 in Shields
 27180 | IceCv    | Noticed a frost giant
 27315 | IceCv    | Killed a frost giant
 27315 | IceCv    | Received a gift from Okawaru
 27741 | Lair:3   | Reached skill level 5 in Throwing
 27829 | Lair:3   | Reached skill level 15 in Fighting
 28139 | Lair:3   | Noticed Josephine
 28158 | Lair:3   | Killed Josephine
 28523 | Lair:3   | Found a staircase to the Snake Pit.
 28711 | Lair:3   | Identified the +2 gold dragon scales of the Vacuum {rPois
                  | rF+ rC+ Int+3 Dex+4} (Okawaru gifted it to you on level 3
                  | of the Lair of Beasts)
 28711 | Lair:3   | Received a gift from Okawaru
 29217 | Lair:4   | Reached XP level 14. HP: 135/135 MP: 15/15
 30193 | Lair:4   | Found a transporter.
 30197 | Lair:4   | Found a transporter.
 30197 | Lair:4   | Noticed BigDaddyOpFi's ghost (journeyman TrFi)
 30592 | Lair:5   | Entered Level 5 of the Lair of Beasts
 31670 | Lair:5   | Gained mutation: You sometimes lose your temper in combat.
                  | [potion of mutation]
 31670 | Lair:5   | Gained mutation: You are partially covered in iridescent
                  | scales. (AC +2) [potion of mutation]
 31670 | Lair:5   | Gained mutation: Your muscles are strong. (Str +4, Int/Dex
                  | -1) [potion of mutation]
 31738 | Lair:5   | Received a gift from Okawaru
 31890 | Lair:5   | Found a viscous altar of Jiyva.
 31890 | Lair:5   | Found a staircase to the Slime Pits.
 32334 | Lair:4   | Received a gift from Okawaru
 32352 | Lair:4   | Lost mutation: You are partially covered in iridescent
                  | scales. (AC +2) [potion of mutation]
 32352 | Lair:4   | Lost mutation: Your muscles are strong. (Str +4, Int/Dex
                  | -1) [potion of mutation]
 32352 | Lair:4   | Lost mutation: You sometimes lose your temper in combat.
                  | [potion of mutation]
 32352 | Lair:4   | Gained mutation: You are strong-willed. (Will+) [potion of
                  | mutation]
 32584 | Lair:5   | Received a gift from Okawaru
 33357 | Lair:5   | Received a gift from Okawaru
 33738 | Lair:5   | Reached skill level 5 in Invocations
 34429 | D:11     | Received a gift from Okawaru
 34501 | D:12     | Identified the +7 broad axe of the Threshing Dove {venom,
                  | MP+9 Int+2} (Okawaru gifted it to you on level 12 of the
                  | Dungeon)
 34501 | D:12     | Received a gift from Okawaru
 34868 | D:12     | Reached skill level 16 in Fighting
 34868 | D:12     | Reached XP level 15. HP: 144/144 MP: 17/17
 34874 | D:12     | Noticed Gastronok
 34891 | D:12     | Killed Gastronok
 35128 | D:12     | Noticed Nessos
 35137 | D:12     | Killed Nessos
 36041 | D:12     | Identified the +11 long sword "Zeloutix" {freeze, rF+}
 36652 | D:12     | Found an ornate altar of the Wu Jian Council.
 36674 | D:12     | Identified the +1 hand axe of the Transparent God {flame,
                  | Str+3}
 36758 | D:13     | Identified the +4 ring mail of Skepticism {rF- Int+2 Dex+2}
                  | (Okawaru gifted it to you on level 13 of the Dungeon)
 36758 | D:13     | Received a gift from Okawaru
 36963 | D:13     | Noticed Erolcha
 36968 | D:13     | Killed Erolcha
 38451 | D:14     | Found a gate to the Vaults.
 39205 | D:14     | Found a radiant altar of Vehumet.
 39253 | D:14     | Found a sacrificial altar of Ru.
 39443 | D:15     | Entered Level 15 of the Dungeon
 39601 | D:15     | Received a gift from Okawaru
 40107 | D:15     | Found a runed translucent door.
 40108 | D:15     | Noticed Mic Nofo's ghost (adept DsFi)
 40127 | D:15     | Noticed Roxanne
 40632 | D:15     | Found a staircase to the Depths.
 41117 | Snake:1  | Entered Level 1 of the Snake Pit
 41244 | Snake:1  | Received a gift from Okawaru
 41421 | Snake:1  | Reached skill level 17 in Fighting
 41421 | Snake:1  | Reached skill level 15 in Armour
 41421 | Snake:1  | Reached XP level 16. HP: 150/155 MP: 20/20
 42737 | Snake:1  | Found a radiant altar of Vehumet.
 42856 | Snake:1  | Found Qurocebb's Magic Scroll Shoppe.
 42856 | Snake:1  | Found Boub Poppo's Magic Scroll Emporium.
 42858 | Snake:1  | Found Bulokeqy's Antique Weapon Emporium.
 42863 | Snake:1  | Found Efigin's Distillery.
 42866 | Snake:1  | Bought a scroll of identify for 40 gold pieces
 42866 | Snake:1  | Bought a scroll of identify for 40 gold pieces
 42881 | Snake:1  | Bought a scroll of enchant armour for 97 gold pieces
 43862 | Snake:2  | Found Myuroimu's Antique Armour Emporium.
 43865 | Snake:2  | Bought a glowing cloak for 217 gold pieces
 43892 | Snake:2  | You fall into a shaft and drop 1 floor!
 43923 | Snake:3  | Found an ornate altar of the Wu Jian Council.
 44008 | Snake:2  | Noticed Asterion
 44588 | Snake:2  | Noticed Louise
 44984 | Snake:2  | Found Fioxoj's Weapon Shoppe.
 45045 | Snake:2  | Found Pumuc's Weapon Emporium.
 45131 | Snake:2  | Identified the +2 plate armour of the Vacuum {rF+ SInv}
                  | (Okawaru gifted it to you on level 2 of the Snake Pit)
 45131 | Snake:2  | Received a gift from Okawaru
 45307 | Snake:2  | Lost mutation: You are strong-willed. (Will+) [a cacodemon]
 45317 | Abyss:3  | Cast into level 3 of the Abyss (Louise)
 45364 | Abyss:3  | Reached skill level 15 in Shields
 45408 | Abyss:3  | Noticed a lich
 45425 | Abyss:3  | Killed a lich
 45530 | Abyss:3  | Found a corrupted altar of Lugonu.
 45540 | Abyss:3  | Noticed a tentacled starspawn
 45653 | Abyss:3  | Noticed a tentacled starspawn
 45686 | Abyss:3  | Reached skill level 18 in Fighting
 45691 | Abyss:3  | Killed a tentacled starspawn
 45692 | Abyss:3  | Gained mutation: You are clumsy. (Dex -2) [a neqoxec]
 45699 | Abyss:3  | Gained mutation: You sometimes lose your temper in combat.
                  | [a neqoxec]
 45777 | Abyss:3  | Found a corrupted altar of Lugonu.
 45832 | Snake:2  | Escaped the Abyss
 46438 | Snake:2  | Found Operph's Distillery.
 46638 | Snake:2  | Found Qetouk's Book Shoppe.
 46676 | Snake:2  | Found Laty's Jewellery Shop.
 46711 | Snake:2  | Killed Louise
 46717 | Snake:2  | Reached skill level 19 in Fighting
 47014 | Snake:2  | Bought an amulet of regeneration for 630 gold pieces
 47243 | Snake:2  | Killed Asterion
 48515 | Snake:3  | Received a gift from Okawaru
 49311 | Snake:3  | Found a corrupted altar of Lugonu.
 49323 | Snake:3  | Found a one-way gate to the infinite horrors of the Abyss.
 49845 | Snake:3  | Reached skill level 20 in Fighting
 49849 | Snake:3  | Received a gift from Okawaru
 49857 | Snake:3  | Reached XP level 17. HP: 160/170 MP: 22/22
 50082 | Snake:4  | Entered Level 4 of the Snake Pit
 50472 | D:13     | Lost mutation: You are clumsy. (Dex -2) [potion of
                  | mutation]
 50472 | D:13     | Lost mutation: You sometimes lose your temper in combat.
                  | [potion of mutation]
 50472 | D:13     | Gained mutation: You are partially covered in iridescent
                  | scales. (AC +2) [potion of mutation]
 51177 | Snake:4  | Received a gift from Okawaru
 53659 | Snake:4  | Reached skill level 21 in Fighting
 53705 | Snake:3  | Received a gift from Okawaru
 55329 | Snake:4  | Received a gift from Okawaru
 56824 | Snake:4  | Got a serpentine rune of Zot
 57560 | Swamp:1  | Entered Level 1 of the Swamp
 58034 | Swamp:1  | Noticed a tentacled monstrosity
 58049 | Swamp:1  | Killed a tentacled monstrosity
 58049 | Swamp:1  | Received a gift from Okawaru
 58059 | Swamp:1  | Reached skill level 1 in Evocations
 58413 | Swamp:1  | Reached XP level 18. HP: 184/184 MP: 23/23
 58603 | Swamp:1  | Paralysed by a fenstrider witch for 4 turns
 59218 | Swamp:2  | Reached skill level 22 in Fighting
 59945 | Swamp:2  | You fall into a shaft and drop 1 floor!
 61001 | Swamp:4  | Entered Level 4 of the Swamp
 61007 | Swamp:4  | Reached skill level 23 in Fighting
 61174 | Swamp:4  | Noticed Aizul
 61445 | Swamp:4  | Received a gift from Okawaru
 61452 | Swamp:4  | HP: 3/189 [constriction (10)]
 61457 | Swamp:4  | HP: 8/189 [swamp worm/harpoon shot (5)]
 61462 | Swamp:4  | HP: 6/189 [poisoned by a hornet]
 61465 | Swamp:4  | Found a blossoming altar of Fedhas.
 61465 | Swamp:4  | Killed from afar by a thorn hunter

Illustrated notes

Levels and vault maps discovered:
D:1:      lightli_arrival_maybe_door_vault, layout_basic,
          shapermc_ecumenical_altar_mp_highgroup
D:2:      layout_rooms, basic_altar, minmay_misc_feat_five, uniq_jessica,
          uniq_sigmund
D:3:      layout_rooms, trog_three_pillars_becter, uniq_natasha
D:4:      layout_cave_pools, minmay_manual_mandibuliform
D:5:      layout_basic, mainiacjoe_overflow_concentric_impassable,
          minmay_temple_entry_antechambers, serial_rivers,
          chequers_serial_rivers_micro_a, chequers_serial_rivers_room_b,
          chequers_serial_rivers_micro_c, chequers_serial_rivers_micro_a,
          chequers_serial_rivers_room_b, chequers_serial_rivers_micro_e,
          kennysheep_small_square, uniq_pikel, uniq_prince_ribbit1
D:6:      layout_basic
D:7:      layout_rooms, nicolae_overflow_two_pavilions, serial_shops,
          nicolae_shop_hallway_plus, nicolae_square_shop, shop, uniq_menkaure,
          uniq_duvessa
D:8:      minmay_bloctagon_deflated, layout_gridville
D:9:      layout_basic
D:10:     layout_gridville, lair_entry_dummy, special_room [special_room_orc],
          enter_trove_2, minivault_19
D:11:     layout_basic, hiddenorc2_lemuel, wad_rectangle_vault
D:12:     minmay_shoctagon, layout_basic, nicolae_wu_jian_glorious_leap,
          uniq_gastronok, uniq_nessos
D:13:     layout_irregular_city, uniq_erolcha
D:14:     layout_cave_pools, skrybe_vaults_entry_preservation,
          nicolae_vehumet_altar_sigil, nicolae_ru_great_annihilating_truth
D:15:     grunt_enter_depths_hoard, layout_loops_corners, dk_noncrumbling_3,
          gammafunk_ghost_grave, serial_bayou_pond_e, uniq_roxanne
Temple:   dpeg_five_rooms_temple
Lair:1:   gammafunk_worm_tunnel, layout_hall_layers, kennysheep_abandoned_house
Lair:2:   layout_cave_pods, palyth_hydra_swamp_entry
Lair:3:   layout_chaotic_city, guppyfry_snake_entry_island,
          portal_ice_cave_entry_ice_simulacra, uniq_josephine
Lair:4:   layout_cave_shapes, gammafunk_ghost_arena, grunt_megastairs_4,
          serial_bayou_shore_b
Lair:5:   evilmike_catoblepas_cave, layout_regular_city, slime_entry_1,
          minmay_lair_oklob_bushes, chequers_serial_rivers_large_b, ice2_lemuel
Swamp:1:  layout_basic_swamp, nicolae_swamp_some_circles, swamp_pool1
Swamp:2:  layout_basic_swamp, evilmike_swamp_ruin_rubble_1
Swamp:3:  layout_basic_swamp, evilmike_swamp_ruin_house_4
Swamp:4:  byrel_swamp_growth_death_and_undeath, layout_basic_swamp,
          grunt_hermit_hut, uniq_aizul
Snake:1:  layout_chambers, basic_altar, minmay_shoptagon, serial_bayou_shore_a
Snake:2:  layout_grid_shapes, serial_shops, shop, nicolae_stop_n_shop_1,
          nicolae_shop_trees, nicolae_shop_trees, minmay_shop_star, uniq_louise,
          uniq_asterion
Snake:3:  layout_layer_cave, basic_altar, amcnicky_altar_lugonu_corruption
Snake:4:  snake_hunt, layout_cave_town, st_stairs_12
Orc:1:    layout_caves, nicolae_shop_vocational
Orc:2:    grunt_orc_cross, layout_caves

Skill      XL: |  1  2  3  4  5  6  7  8  9 10 11 12 13 14 15 16 17 18 |
---------------+-------------------------------------------------------+-----
Armour         | 4 5 7 8 9 11 12 13 15 | 15.0
Fighting       | 4 5 6 8 10 11 14 15 16 17 20 21 23 | 23.4
Axes           | 3 4 5 6 8 10 12 14 16 18 19 21 | 21.0
Throwing       | 1 2 3 5 6 |  6.1
Stealth        | 1 |  1.0
Shields        | 5 9 11 12 13 15 17 18 | 18.1
Invocations    | 2 3 5 6 8 |  8.0
Evocations     | 1 |  1.0

Action                   |  1- 3 |  4- 6 |  7- 9 | 10-12 | 13-15 | 16-18 || total
-------------------------+-------+-------+-------+-------+-------+-------++-------
Melee: War axe           |    53 |    31 |       |       |       |       ||    84
       Headbutt          |     6 |    13 |    33 |    92 |   235 |   268 ||   647
       Broad axe         |       |    50 |   193 |   608 |   671 |   757 ||  2279
       Battleaxe         |       |       |       |       |   285 |   251 ||   536
Throw: Dart              |     3 |     3 |    10 |    11 |     4 |    43 ||    74
       Javelin           |       |       |       |     5 |     1 |     6 ||    12
Invok: Heroism           |       |       |     1 |     1 |       |       ||     2
       Finesse           |       |       |       |       |     6 |     6 ||    12
Evoke: Wand              |       |       |     1 |     8 |     8 |    12 ||    29
  Use: Potion            |     1 |       |     6 |     6 |     3 |    19 ||    35
       Scroll            |       |     5 |     3 |     6 |    16 |    19 ||    49
 Stab: Invisible         |       |       |       |     3 |       |     1 ||     4
       Paralysed         |       |       |       |       |     1 |       ||     1
Armor: Scale mail        |    25 |    30 |     3 |       |       |       ||    58
       Chain mail        |       |       |    73 |    62 |    17 |       ||   152
       Plate armour      |       |       |       |   270 |    79 |       ||   349
       Crystal plate arm |       |       |       |       |    67 |       ||    67
       Gold dragon scale |       |       |       |       |   491 |   756 ||  1247
Dodge: Dodged            |    24 |    44 |    66 |   167 |   220 |   220 ||   741
       Repelled          |       |       |       |       |       |     5 ||     5
Block: Buckler           |    11 |    17 |    43 |   154 |   190 |       ||   415
       Kite shield       |       |       |       |       |    62 |   686 ||   748
